 Dungeon Crawl Stone Soup version 0.30.0 (webtiles) character file.

Game seed: 6530546145706836838

84809 LeafLetters the Cloud Mage (level 15, -7/76 HPs)
             Began as a Tengu Air Elementalist on Dec 3, 2023.
             Was a High Priest of Sif Muna.
             Mangled by a +4 short sword of venom (11 damage)
             ... on level 1 of the Elven Halls.
             The game lasted 01:17:41 (27087 turns).

LeafLetters the Cloud Mage (TeAE)                  Turns: 27087, Time: 01:17:41

Health: -7/76      AC:  9    Str:  9    XL:     15   Next: 81%
Magic:  18/35      EV: 20    Int: 28    God:    Sif Muna [*****.]
Gold:   1633       SH:  0    Dex: 15    Spells: 16/44 levels left

rFire   + + +        a - +3 Elemental Staff {rElec rF+ rC+ AC+3}
rCold   + + .        (no shield)
rNeg    . . .        Q - +1 leather armour of the Hippo {rF++ rC+}
rPois   .            K - +2 hat
rElec   +            (no cloak)
rCorr   .            (no gloves)
SInv    .            (boots unavailable)
Will    +....        i - amulet of magic regeneration
Stlth   ++           q - +6 ring of intelligence
HPRegen 0.32/turn    o - +5 ring of evasion
MPRegen 0.64/turn

%: no passive effects
@: lethally poisoned (-7 -> -55), flying quickly and evasively, very slightly
contaminated, quick
A: beak, talons 3, nimble flight
a: Renounce Religion, Channel Magic, Forget Spell, Divine Exegesis


You were on level 1 of the Elven Halls.
You worshipped Sif Muna.
Sif Muna was extremely pleased with you.
You visited 5 branches of the dungeon, and saw 21 of its levels.

You collected 2046 gold pieces.
You spent 413 gold pieces at shops.

Inventory:

Hand Weapons
 a - the +3 Elemental Staff (weapon) {rElec rF+ rC+ AC+3}
   (You acquired it on level 2 of the Orcish Mines)

   It enhances your fire, ice, earth and air magic.
   AC:        It affects your AC (+3).
   rF:        It protects you from fire.
   rC:        It protects you from cold.
   rElec:     It insulates you from electricity.
 b - a +8 eveningstar of freezing
Missiles
 I - a throwing net
Armour
 K - a +2 hat (worn)
 Q - the +1 leather armour of the Hippo (worn) {rF++ rC+}
   (You took it off a wight on level 10 of the Dungeon)

   rF:        It greatly protects you from fire.
   rC:        It protects you from cold.
Jewellery
 i - an amulet of magic regeneration (around neck)
 j - a ring of ice
 o - a +5 ring of evasion (right hand)
 q - a +6 ring of intelligence (left hand)
 x - a ring of wizardry
 A - a +5 ring of evasion
Wands
 w - a wand of roots (6)
 D - a wand of mindburst (18)
 F - a wand of flame (25)
 J - a wand of light (10)
Scrolls
 c - 3 scrolls of vulnerability
 d - 2 scrolls of teleportation
 f - 2 scrolls of fog
 g - 3 scrolls of immolation
 k - 2 scrolls of summoning
 m - 3 scrolls of enchant armour
 n - 4 scrolls of blinking
 r - 4 scrolls of silence
 v - 4 scrolls of poison
 y - a scroll of amnesia
 C - 3 scrolls of magic mapping
Potions
 e - 2 potions of mutation
 h - a potion of ambrosia {unknown}
 l - a potion of brilliance
 p - 3 potions of haste
 s - a potion of resistance {unknown}
 t - a potion of heal wounds {unknown}
 u - 2 potions of cancellation
 z - 7 potions of curing
 B - a potion of attraction {unknown}
 G - 3 potions of might
 H - 2 potions of magic
 L - 3 potions of lignification


   Skills:
 + Level 2.1 Fighting
 + Level 3.5 Maces & Flails
 - Level 4.2 Armour
 + Level 3.2 Dodging
 - Level 2.0 Stealth
 + Level 15.2 Spellcasting
 + Level 8.1 Conjurations
 + Level 2.6 Fire Magic
 + Level 25.3 Air Magic
 * Level 2.4 Invocations


You had 16 spell levels left.
You knew the following spells:

 Your Spells              Type           Power      Damage    Failure   Level
a - Shock                 Conj/Air       100%       1d9       0%          1
b - Mephitic Cloud        Conj/Pois/Air  90%        N/A       1%          3
c - Airstrike             Air            64%        2d(10-26) 0%          4
d - Arcjolt               Conj/Air       53%        1d63      1%          5
e - Swiftness             Air            100%       N/A       0%          3
f - Conjure Ball Lightni  Conj/Air       53%        3x3d18    1%          6
g - Plasma Beam           Fire/Air       61%        2x1d84    1%          6

Your spell library contained the following spells:

 Spells                   Type           Power      Damage    Failure   Level
 Static Discharge         Conj/Air       100%       2-7/arc   0%          2
 Stone Arrow              Conj/Erth      100%       3d13      1%          3
 Vhi's Electric Charge    Tloc/Air       100%       N/A       1%          3
 Silence                  Hex/Air        47%        N/A       1%          5
 Apportation              Tloc           42%        N/A       3%          1
 Necrotise                Necr           84%        1d8       3%          1
 Summon Small Mammal      Summ           84%        N/A       3%          1
 Sticky Flame             Conj/Fire      67%        2d8       3%          4
 Blink                    Tloc           42%        N/A       4%          2
 Ensorcelled Hibernation  Hex/Ice        62%        N/A       4%          2
 Iskenderun's Mystic Bla  Conj/Tloc      44%        2d10      6%          4
 Call Canine Familiar     Summ           21%        N/A       10%         3
 Frozen Ramparts          Ice            62%        1d10      10%         3
 Ozocubu's Armour         Ice            31%        N/A       10%         3
 Portal Projectile        Hex/Tloc       42%        N/A       10%         3
 Spider Form              Tmut/Pois      21%        N/A       10%         3
 Teleport Other           Tloc           21%        N/A       10%         3
 Storm Form               Tmut/Air       47%        N/A       16%         7
 Anguish                  Hex/Necr       10%        N/A       32%         4
 Animate Armour           Summ/Erth      62%        N/A       32%         4
 Ice Form                 Ice/Tmut       31%        N/A       32%         4
 Leda's Liquefaction      Hex/Erth       15%        N/A       32%         4
 Manifold Assault         Tloc           21%        N/A       32%         4
 Petrify                  Tmut/Erth      31%        N/A       32%         4
 Summon Ice Beast         Ice/Summ       31%        N/A       32%         4
 Starburst                Conj/Fire      33%        6d10      47%         6
 Iron Shot                Conj/Erth      30%        9d6       67%         6
 Orb of Destruction       Conj           30%        9d10      67%         7
 Spellforged Servitor     Conj/Summ      22%        N/A       99%         7
 Malign Gateway           Summ/Tloc      10%        N/A       100%        7
 Ozocubu's Refrigeration  Ice            15%        4d10      100%        7
 Discord                  Hex            10%        N/A       100%        8
 Disjunction              Tloc           10%        N/A       100%        8
 Lehudib's Crystal Spear  Conj/Erth      30%        10d8      100%        8


Dungeon Overview and Level Annotations

Branches:
Dungeon (12/15)            Temple (1/1) D:7            Lair (5/5) D:8
  Swamp (0/4) Lair:2       Spider (0/4) Lair:2        Slime (0/5) Lair:4
    Orc (2/2) D:12            Elf (1/3) Orc:2

Altars:
Ashenzari
Cheibriados
Dithmenos
Elyvilon
Fedhas
Gozag
Hepliaklqana
Kikubaaqudgha
Makhleb
Nemelex Xobeh
Okawaru
Qazlal
Ru
Sif Muna
Trog
Uskayaw
Vehumet
Wu Jian
Xom
Yredelemnul
Zin
The Shining One
Jiyva
Lugonu

Shops:
D:1 !   D:9 (   Orc:2 (*?:

Portals:
Abyss: Lair:5

Annotations:
D:3 3 runed translucent doors, grguerra's ghost, amateur DsFi
D:6 1 runed translucent door, Crazy Yiuf; Menkaure
Orc:1 2 runed translucent doors, astronautguy's ghost, journeyman GrMo
Orc:2 2 transporters, LeafLetters's ghost, journeyman DjVM


Innate Abilities, Weirdness & Mutations

You have a beak for a mouth.
You have claws for feet.
Your magical nature lets you fly swiftly and evasively.


Message History

Unknown command.
Casting: Plasma Beam (dangerous; 1% risk of failure)
Confirm with . or Enter, or press ? or * to list all spells.
Casting: Plasma Beam (dangerous; 1% risk of failure)
Press: ? - help, Dir - look around, f - activate You feel a strong surge of power!
You miscast Plasma Beam.
You are very lightly contaminated with residual magic.
Nothing appears to happen.
You feel extremely sick. The +4 short sword of venom hits you.
You are lethally poisoned!
The air elemental fires a burst of electricity at you.
The stunning burst hits the +4 short sword of venom.
The +4 short sword of venom completely resists.
The stunning burst hits you. You resist.
You suddenly lose the ability to move!
The air elemental fires a burst of electricity at you.
The stunning burst hits the +4 short sword of venom.
The +4 short sword of venom completely resists.
The stunning burst hits you. You resist. The +4 short sword of venom hits you!
* * * LOW HITPOINT WARNING * * *
You are more poisoned.
You can move again.
Unknown command.
Casting: Plasma Beam (dangerous; 1% risk of failure)
Confirm with . or Enter, or press ? or * to list all spells.
Casting: Plasma Beam (dangerous; 1% risk of failure)
Press: ? - help, Dir - look around, f - activate You feel a strong surge of power!
The bolt of lightning misses the +4 short sword of venom.
The bolt of lightning hits the air elemental.
The air elemental completely resists.
The air elemental is severely damaged.
The fiery plasma misses the +4 short sword of venom.
The fiery plasma hits the air elemental!
You destroy the air elemental!
Sif Muna accepts your kill.
* * * LOW HITPOINT WARNING * * *
You feel extremely sick. The +4 short sword of venom hits you!
You die...

# #.. ○○○
##### ☼E
#...#####°#
#.".....E.# .
#....######
E_
#.<...@(..#
...
#...#####.###
#. #####
#..)#####)#
###...#...#
###.))# #####


You could see a +4 short sword of venom.

Vanquished Creatures
  Kirke (Lair:4)
  Erolcha (D:10)
  5 hydras
  2 catoblepae
  11 death yaks
  4 two-headed ogres
  4 orc high priests (Orc:2)
  Urug (Lair:1)
  3 thrashing horrors (Lair:5)
  2 deep elf knights (Elf:1)
  2 skysharks
  A deep elf pyromancer (Elf:1)
  2 cyclopes
  4 orc sorcerers (Orc:2)
  A deep elf zephyrmancer (Elf:1)
  4 orc knights (Orc:2)
  3 ugly things
  An oklob plant (D:10)
  14 elephants (Lair:5)
  4 black mambas
  15 cane toads
  2 smoke demons (Lair:5)
  An unseen horror (D:12)
  A kobold demonologist (D:11)
  A torpor snail (Lair:3)
  2 rime drakes
  9 komodo dragons
  3 trolls
  2 ancient zymes (Lair:5)
  4 polar bears
  Grinder (D:6)
  41 blink frogs
  A hornet (Lair:2)
  7 dream sheep (Lair:5)
  7 small abominations (Lair:5)
  A jumping spider (Lair:2)
  An air elemental (Elf:1)
  A centaur simulacrum (D:12)
  3 culicivoras (Lair:2)
  3 slime creatures (D:9)
  A yak (shapeshifter) (Lair:5)
  3 spriggans
  3 ynoxinuls (Lair:5)
  A wraith (D:12)
  3 wyverns
  Eustachio (D:6)
  2 fire elementals (Elf:1)
  82 yaks
  A steam dragon (D:9)
  8 basilisks
  11 vampire mosquitoes
  4 redbacks (Lair:2)
  3 wargs
  A chaos spawn (Lair:5)
  17 water moccasins
  An acid dragon (D:8)
  A swamp drake (D:12)
  25 orc warriors
  2 black bears
  A large abomination (Lair:5)
  5 ice beasts
  A sky beast (D:8)
  21 wolves
  8 ogres
  4 centaurs
  2 phantoms
  14 bullfrogs
  Blork the orc (D:6)
  2 gnoll sergeants
  2 scorpions (D:6)
  8 wights
  4 killer bees (D:9)
  2 electric eels
  7 howler monkeys
  2 jellies (D:5)
  3 gnoll boudas
  8 hounds
  18 orc priests
  5 sleepcaps
  28 orc wizards
  7 hell rats (Lair:2)
  21 gnolls
  7 adders
  5 white imps
  An ufetubus (D:5)
  A worm (D:8)
  64 orcs
  8 ball pythons
  3 bats
  8 endoplasms
  4 giant cockroaches
  6 goblins
  10 hobgoblins
  4 jackals (D:5)
  4 quokkas
  4 frilled lizards
  9 kobolds
  A rat (D:1)
  A bush (D:10)
660 creatures vanquished.

Vanquished Creatures (collateral kills)
  4 ball lightnings
4 creatures vanquished.

Vanquished Creatures (others)
  A gnoll (D:9)
  67 ball lightnings
  A bush (Lair:5)
  66 fungi
  104 plants
239 creatures vanquished.

Grand Total: 903 creatures vanquished

Notes
Turn   | Place    | Note
-------+----------+-------------------------------------------
     0 | D:1      | LeafLetters the Tengu Air Elementalist began the quest for
                  | the Orb.
     0 | D:1      | Reached XP level 1. HP: 10/10 MP: 4/4
    15 | D:1      | Found Jasiucan's Distillery.
   266 | D:1      | Reached XP level 2. HP: 15/15 MP: 1/6
   269 | D:1      | Learned a level 2 spell: Static Discharge
  1261 | D:2      | Reached skill level 5 in Air Magic
  1261 | D:2      | Reached XP level 3. HP: 17/19 MP: 2/7
  1347 | D:2      | You fall into a shaft and drop 2 floors!
  1359 | D:4      | Noticed a two-headed ogre
  1893 | D:2      | Reached XP level 4. HP: 24/24 MP: 5/8
  1898 | D:2      | Learned a level 4 spell: Airstrike
  2035 | D:2      | Identified the +0 pair of boots of Neiki {+Blink rC+ Will-
                  | SInv}
  2426 | D:3      | Found a stormy altar of Qazlal.
  2567 | D:3      | Found a runed translucent gate.
  2569 | D:3      | Found a runed translucent gate.
  2572 | D:3      | Noticed grguerra's ghost (amateur DsFi)
  2573 | D:3      | Found a runed translucent gate.
  3164 | D:4      | Gained mutation: Your magical nature lets you fly swiftly
                  | and evasively. [Tengu growth]
  3164 | D:4      | Reached XP level 5. HP: 28/28 MP: 5/10
  3299 | D:4      | Reached skill level 6 in Air Magic
  4192 | D:4      | Killed a two-headed ogre
  4193 | D:4      | Reached skill level 9 in Air Magic
  4193 | D:4      | Reached XP level 6. HP: 32/32 MP: 0/14
  4193 | D:4      | Reached XP level 7. HP: 36/36 MP: 0/15
  4574 | D:5      | Entered Level 5 of the Dungeon
  4674 | D:5      | Reached XP level 8. HP: 41/41 MP: 7/16
  4855 | D:5      | Reached skill level 5 in Spellcasting
  5069 | D:5      | Reached skill level 10 in Air Magic
  5469 | D:5      | Found an ancient bone altar of Kikubaaqudgha.
  6052 | D:6      | Noticed Blork the orc
  6065 | D:6      | Killed Blork the orc
  6172 | D:6      | Reached skill level 11 in Air Magic
  6269 | D:6      | Learned a level 5 spell: Arcjolt
  6273 | D:6      | Learned a level 3 spell: Swiftness
  6497 | D:6      | Reached skill level 1 in Armour
  6649 | D:6      | Reached skill level 5 in Conjurations
  6649 | D:6      | Reached XP level 9. HP: 45/45 MP: 5/18
  6873 | D:6      | Found a runed translucent door.
  6873 | D:6      | Noticed Menkaure
  6873 | D:6      | Noticed Crazy Yiuf
  7062 | D:6      | Noticed Eustachio
  7075 | D:6      | Killed Eustachio
  7076 | D:6      | Reached skill level 12 in Air Magic
  7077 | D:6      | Noticed Grinder
  7122 | D:6      | Killed Grinder
  7828 | D:7      | Found a sacrificial altar of Ru.
  8119 | D:7      | Reached skill level 13 in Air Magic
  8574 | D:7      | Found a staircase to the Ecumenical Temple.
  8608 | Temple   | Entered the Ecumenical Temple
  8774 | Temple   | Became a worshipper of Sif Muna the Loreminder
  9019 | D:8      | Noticed a two-headed ogre
  9027 | D:8      | Killed a two-headed ogre
  9028 | D:8      | Reached XP level 10. HP: 50/50 MP: 5/21
  9304 | D:8      | Identified the +0 leather armour of Honour {rC+ Str+2
                  | Dex-5}
  9340 | D:8      | Noticed a two-headed ogre
  9348 | D:8      | Killed a two-headed ogre
  9349 | D:8      | Reached skill level 14 in Air Magic
  9539 | D:8      | Found a hazy altar of Hepliaklqana.
  9563 | D:8      | Noticed a death yak
  9563 | D:8      | Noticed a death yak
  9644 | D:8      | Found a snail-covered altar of Cheibriados.
  9745 | D:8      | Found a staircase to the Lair.
  9949 | D:8      | Noticed a death yak
  9967 | D:8      | Killed a death yak
  9968 | D:8      | Reached skill level 15 in Air Magic
 10123 | D:8      | Killed a death yak
 10294 | D:8      | Killed a death yak
 10294 | D:8      | Reached * piety under Sif Muna
 10295 | D:8      | Reached skill level 16 in Air Magic
 10295 | D:8      | Reached XP level 11. HP: 54/54 MP: 8/24
 11219 | D:9      | Found Qomin's Antique Weapon Shoppe.
 11349 | D:9      | Reached ** piety under Sif Muna
 11575 | D:9      | Found a radiant altar of Vehumet.
 11644 | D:9      | Reached skill level 17 in Air Magic
 11900 | D:9      | Found an opulent altar of Gozag.
 12015 | D:9      | Learned a level 6 spell: Conjure Ball Lightning
 12054 | D:10     | Entered Level 10 of the Dungeon
 12149 | D:10     | Found a blossoming altar of Fedhas.
 12191 | D:10     | Noticed a two-headed ogre
 12197 | D:10     | Killed a two-headed ogre
 12828 | D:10     | Identified the +1 leather armour of the Hippo {rF++ rC+}
 12834 | D:10     | Found a shadowy altar of Dithmenos.
 12937 | D:10     | Noticed Erolcha
 12943 | D:10     | Killed Erolcha
 13208 | D:10     | Reached skill level 18 in Air Magic
 13423 | D:10     | Noticed an oklob plant
 13556 | D:10     | Killed an oklob plant
 13556 | D:10     | Reached *** piety under Sif Muna
 13954 | D:11     | Reached XP level 12. HP: 50/59 MP: 17/26
 14065 | D:11     | Reached skill level 10 in Spellcasting
 14903 | Lair:1   | Entered Level 1 of the Lair of Beasts
 14978 | Lair:1   | Reached skill level 19 in Air Magic
 15062 | Lair:1   | Noticed Urug
 15070 | Lair:1   | Killed Urug
 16211 | Lair:1   | Reached skill level 20 in Air Magic
 16684 | Lair:2   | Reached XP level 13. HP: 63/63 MP: 21/29
 16812 | Lair:2   | Reached **** piety under Sif Muna
 16908 | Lair:2   | Found a staircase to the Swamp.
 16948 | Lair:2   | Reached skill level 21 in Air Magic
 16948 | Lair:2   | Found a hole to the Spider Nest.
 17935 | Lair:3   | Reached skill level 1 in Maces & Flails
 17935 | Lair:3   | Reached skill level 22 in Air Magic
 18107 | Lair:3   | Reached ***** piety under Sif Muna
 18164 | Lair:3   | Received a gift from Sif Muna
 18168 | Lair:3   | Got Sif Muna's Folio of the Akashic Volley {god gift}
 18173 | Lair:3   | Learned a level 3 spell: Mephitic Cloud
 19065 | Lair:4   | Reached XP level 14. HP: 68/68 MP: 11/31
 19256 | Lair:4   | Reached skill level 23 in Air Magic
 19501 | Lair:4   | Found a staircase to the Slime Pits.
 19501 | Lair:4   | Found a viscous altar of Jiyva.
 19728 | Lair:4   | Learned a level 6 spell: Plasma Beam
 20088 | Lair:4   | Noticed Kirke
 20094 | Lair:4   | Killed Kirke
 20127 | Lair:4   | Reached skill level 1 in Fighting
 20455 | Lair:5   | Entered Level 5 of the Lair of Beasts
 20665 | Lair:5   | Received a gift from Sif Muna
 20666 | Lair:5   | Got Sif Muna's Directory of the Turbulent Mesa {god gift}
 20835 | Lair:5   | Reached skill level 24 in Air Magic
 21676 | Lair:5   | Reached skill level 1 in Fire Magic
 21978 | Lair:5   | Reached XP level 15. HP: 75/75 MP: 22/34
 23632 | Lair:5   | Found a corrupted altar of Lugonu.
 23632 | Lair:5   | Found a one-way gate to the infinite horrors of the Abyss.
 24649 | D:12     | Reached skill level 25 in Air Magic
 24845 | D:12     | Found a staircase to the Orcish Mines.
 24849 | D:12     | Received a gift from Sif Muna
 25066 | Orc:1    | Entered Level 1 of the Orcish Mines
 25095 | Orc:1    | Found a burning altar of Makhleb.
 25172 | Orc:1    | Found a large runed translucent door.
 25172 | Orc:1    | Found a large runed translucent door.
 25213 | Orc:1    | Noticed astronautguy's ghost (journeyman GrMo)
 25360 | Orc:1    | You are sucked into a shaft and drop 1 floor!
 25360 | Orc:2    | Entered Level 2 of the Orcish Mines
 25364 | Orc:2    | Found a transporter.
 25570 | Orc:2    | Noticed LeafLetters's ghost (journeyman DjVM)
 26023 | Orc:2    | Found a transporter.
 26036 | Orc:2    | Found a staircase to the Elven Halls.
 26114 | Orc:2    | Reached skill level 1 in Invocations
 26365 | Orc:2    | Received a gift from Sif Muna
 26366 | Orc:2    | Reached skill level 15 in Spellcasting
 26713 | Orc:2    | Found Apsipt's Assorted Antiques.
 26764 | Orc:2    | Found Vibuom's Book Emporium.
 26770 | Orc:2    | Found Zenynne's Magic Scroll Emporium.
 26772 | Orc:2    | Found Bocur's Weapon Shop.
 26842 | Orc:2    | Got Ovaudoc's Handbook of Arcane Weapons {god gift}
 26857 | Orc:2    | Bought 3 scrolls of blinking for 315 gold pieces
 26857 | Orc:2    | Bought a scroll of teleportation for 42 gold pieces
 26857 | Orc:2    | Bought a scroll of identify for 28 gold pieces
 26857 | Orc:2    | Bought a scroll of identify for 28 gold pieces
 26859 | Orc:2    | Identified a scroll of acquirement
 26861 | Orc:2    | Acquired the +3 Elemental Staff {rElec rF+ rC+ AC+3}
 26861 | Orc:2    | Found the +3 Elemental Staff {rElec rF+ rC+ AC+3}
 26987 | Elf:1    | Entered Level 1 of the Elven Halls
 27072 | Elf:1    | Found a radiant altar of Vehumet.
 27086 | Elf:1    | Paralysed by an air elemental for 1 turns
 27087 | Elf:1    | Mangled by a +4 short sword of venom

Illustrated notes

Levels and vault maps discovered:
D:1:      erik_arrival_triangle_medium, layout_basic, serial_shops, shop,
          minmay_tall_x
D:2:      layout_loops_ring, serial_forest, infiniplex_forest_straight_2,
          infiniplex_forest_straight_2, infiniplex_forest_lined_ring,
          infiniplex_forest_clump_medium, infiniplex_forest_lined_4_way
D:3:      layout_loops_ring, nicolae_qazlal_general_emergency,
          biasface_ghost_orc_armoury
D:4:      layout_basic
D:5:      layout_gridville, nicolae_kikubaaqudgha_miasma_corner
D:6:      layout_loops_corners, uniq_crazy_yiuf_cottage, uniq_blork_the_orc,
          uniq_eustachio, uniq_grinder, uniq_menkaure
D:7:      layout_rooms, mainiacjoe_overflow_catwalk, minmay_temple_entry_tees,
          chequers_serial_rivers_micro_b, nicolae_hexahallways,
          chequers_serial_rivers_micro_b, nicolae_elevator_lobby_asterisk
D:8:      layout_gridville, mainiacjoe_overflow_24_doors,
          cheibrodos_worm_habitat, dpeg_lair_monsters
D:9:      layout_big_octagon, kennysheep_mini, grunt_gozag_breadcrumbs,
          serial_shops, nicolae_shop_waterfront
D:10:     layout_roguey, tgw_fedhas, kennysheep_little_box, uniq_erolcha
D:11:     layout_small_grid
D:12:     layout_irregular_city, erik_orc_1, serial_ice, serial_ice_n,
          serial_ice_d, serial_ice_a, serial_ice_m
Temple:   dshaligram_water_room_temple
Lair:1:   beast_lair_carwin_large_1, layout_gridlike, grunt_megastairs_1,
          serial_bayou_shore_a, uniq_urug
Lair:2:   layout_misc_corridors, minmay_swamp_entry_reptiles,
          nicolae_spider_entry_tight_spaces, forest_entry_grove,
          lemuel_fruit_tree
Lair:3:   layout_hall_layers
Lair:4:   beast_lair_carwin_large_4, layout_hall_layers, slime_entry_1,
          patterned_corridor, uniq_kirke
Lair:5:   hellmonk_lair_end_abyssal_woods, layout_long_grid
Orc:1:    layout_caves, ebering_ghost_disaster_area, bloody_makhleb
Orc:2:    st_orc_elflike, layout_caves, gammafunk_ghost_berserking_beasts
Elf:1:    eino_elf_arrival_altar, layout_geoelf_octagon, evilmike_minifort,
          minivault_14

Skill      XL: |  1  2  3  4  5  6  7  8  9 10 11 12 13 14 15 |
---------------+----------------------------------------------+-----
Air Magic      | 5 9 11 13 16 18 20 22 24 25 | 25.3
Conjurations   | 2 3 4 5 6 7 8 |  8.1
Spellcasting   | 3 4 5 7 8 9 11 12 14 15 | 15.2
Armour         | 1 3 4 |  4.2
Maces & Flails | 2 3 |  3.5
Fighting       | 1 2 |  2.1
Fire Magic     | 1 2 |  2.6
Dodging        | 3 |  3.2
Invocations    | 2 |  2.4
Stealth        | |  2.0

Action                     |  1- 3 |  4- 6 |  7- 9 | 10-12 | 13-15 || total
---------------------------+-------+-------+-------+-------+-------++-------
  Melee: Dagger            |    22 |    16 |       |       |       ||    38
         Kick              |     4 |     5 |     5 |    44 |    47 ||   105
         Peck              |     2 |     5 |     6 |    32 |    21 ||    66
         Punch             |     1 |       |       |       |     1 ||     2
         Short sword       |       |     5 |    14 |       |       ||    19
         Great sword       |       |       |     5 |    68 |       ||    73
         Eveningstar       |       |       |       |    16 |   111 ||   127
         Staff             |       |       |       |       |     1 ||     1
   Cast: Shock             |    65 |    54 |    61 |    99 |     9 ||   288
         Static Discharge  |     4 |     2 |     4 |     1 |       ||    11
         Airstrike         |       |     9 |    51 |   205 |   365 ||   630
         Arcjolt           |       |       |     9 |    31 |    65 ||   105
         Conjure Ball Ligh |       |       |       |     2 |    28 ||    30
         Mephitic Cloud    |       |       |       |       |    20 ||    20
         Plasma Beam       |       |       |       |       |    57 ||    57
         Swiftness         |       |       |       |       |     1 ||     1
    Use: Scroll            |       |       |       |    16 |    12 ||    28
   Stab: Confused          |       |       |       |       |     8 ||     8
 Armour: Robe              |     6 |     1 |     1 |       |       ||     8
         Leather armour    |       |       |     4 |    11 |    34 ||    49
         Ring mail         |       |       |       |     3 |       ||     3
  Dodge: Dodged            |    19 |    22 |    26 |   107 |   175 ||   349
